TL
SHREVEPORT BRAVES @ ROUND ROCK EXPRESS
04/28/1981
 
TOP OF THE 1ST
Shreveport Braves batting - Pitching for Round Rock Express : RHP Glen Cook
Pitching: RHP Glen Cook
Batting: RHB Jeff Matthews 0-0: Ground out 4-3 (Groundball, 4M, EV 97.5 MPH)
Batting: RHB Scott Ullger 0-0: Ball
1-0: Called Strike
1-1: Foul Ball, location: 2F
1-2: Ball
2-2: Strikes out swinging
Batting: LHB Robert Loscalzo 0-0: Ball
1-0: Called Strike
1-1: Swinging Strike
1-2: Strikes out swinging
Top of the 1st over - 0 runs, 0 hits, 0 errors, 0 left on base; Shreveport 0 - Round Rock 0
BOTTOM OF THE 1ST
Round Rock Express batting - Pitching for Shreveport Braves : RHP Fernando Amaya
Pitching: RHP Fernando Amaya
Batting: LHB Buck Showalter 0-0: Foul Ball, location: 2F
0-1: Foul Ball, location: 2F
0-2: Foul Ball, location: 2F
0-2: Ball
1-2: Strikes out swinging
Batting: RHB Alejandro Sanchez 0-0: Called Strike
0-1: Ball
1-1: Ball
2-1: Fly out, F3 (Flyball, 3D, EV 93.8 MPH)
Batting: RHB Bill Bathe 0-0: Fly out, F9 (Flyball, 9LM, EV 85.0 MPH)
Bottom of the 1st over - 0 runs, 0 hits, 0 errors, 0 left on base; Shreveport 0 - Round Rock 0
TOP OF THE 2ND
Shreveport Braves batting - Pitching for Round Rock Express : RHP Glen Cook
Batting: RHB Alfonso Gomez 0-0: Foul Ball, location: 2F
0-1: Called Strike
0-2: Ball
1-2: Fly out, F4 (Popup, 4MS, EV 70.0 MPH)
Batting: RHB Glenn Walker 0-0: Ball
1-0: Ball
2-0: Foul Ball, location: 2F
2-1: Fly out, F5 (Popup, 5SF, EV 69.4 MPH)
Batting: LHB John Flammang 0-0: Called Strike
0-1: Ball
1-1: Swinging Strike
1-2: Ball
2-2: Ball
3-2: Base on Balls
Batting: SHB Michael Lessard 0-0: Ball
1-0: Called Strike
1-1: Ball
2-1: Foul Ball, location: 2F
2-2: Fielders Choice at 2nd, 6-4 (Groundball, 6, EV 104.4 MPH)
Top of the 2nd over - 0 runs, 0 hits, 0 errors, 1 left on base; Shreveport 0 - Round Rock 0
BOTTOM OF THE 2ND
Round Rock Express batting - Pitching for Shreveport Braves : RHP Fernando Amaya
Batting: RHB Pat Keedy 0-0: Foul Ball, location: 2F
0-1: Ball
1-1: Ground out 6-3 (Groundball, 6M, EV 102.5 MPH)
Batting: SHB Wayne Rudolph 0-0: Ball
1-0: Called Strike
1-1: Ball
2-1: Called Strike
2-2: Foul Ball, location: 2F
2-2: Ball
3-2: Base on Balls
Batting: RHB George Gross 0-0: Fly out, F9 (Flyball, 9, EV 86.3 MPH)
Batting: RHB Nicholas Kintz 0-0: Foul Ball, location: 2F
0-1: SINGLE (Line Drive, 89S, EV 99.4 MPH)
Wayne Rudolph to second
Runner from 2nd tries for 3rd, SAFE, throw by RF made to third
Batting: RHB Luis Lira 0-0: Called Strike
0-1: Foul Ball, location: 2F
0-2: Strikes out looking
Bottom of the 2nd over - 0 runs, 1 hit, 0 errors, 2 left on base; Shreveport 0 - Round Rock 0
TOP OF THE 3RD
Shreveport Braves batting - Pitching for Round Rock Express : RHP Glen Cook
Batting: RHB Juan Perez 0-0: Ball
1-0: Ground out 5-3 (Groundball, 5, EV 86.9 MPH)
Batting: RHB Marc Sullivan 0-0: SOLO HOME RUN (Flyball, 7D, EV 93.8 MPH), Distance : 355 ft
Batting: RHB Jeff Matthews 0-0: Ball
1-0: Foul Ball, location: 2F
1-1: Fly out, F9 (Flyball, 9LS, EV 83.1 MPH)
Batting: RHB Scott Ullger 0-0: Ball
1-0: Called Strike
1-1: Ball
2-1: Ball
3-1: Base on Balls
Batting: LHB Robert Loscalzo 0-0: Called Strike
0-1: Called Strike
0-2: Strikes out swinging
Top of the 3rd over - 1 run, 1 hit, 0 errors, 1 left on base; Shreveport 1 - Round Rock 0
BOTTOM OF THE 3RD
Round Rock Express batting - Pitching for Shreveport Braves : RHP Fernando Amaya
Batting: RHB Val Medina 0-0: Ball
1-0: Foul Ball, location: 2F
1-1: Fly out, F4 (Popup, 34S, EV 81.3 MPH)
Batting: LHB Buck Showalter 0-0: Called Strike
0-1: Ground out U3 (Groundball, 34, EV 103.1 MPH)
Batting: RHB Alejandro Sanchez 0-0: Ball
1-0: Ground out 5-3 (Groundball, 56, EV 83.8 MPH)
Bottom of the 3rd over - 0 runs, 0 hits, 0 errors, 0 left on base; Shreveport 1 - Round Rock 0
TOP OF THE 4TH
Shreveport Braves batting - Pitching for Round Rock Express : RHP Glen Cook
Batting: RHB Alfonso Gomez 0-0: Ball
1-0: Foul Ball, location: 2F
1-1: Called Strike
1-2: Ball
2-2: Strikes out swinging
Batting: RHB Glenn Walker 0-0: Ball
1-0: Swinging Strike
1-1: Ball
2-1: Foul Ball, location: 2F
2-2: Strikes out swinging
Batting: LHB John Flammang 0-0: Ball
1-0: Foul Ball, location: 2F
1-1: Foul Ball, location: 2F
1-2: Fly out, F7 (Line Drive, 7, EV 89.4 MPH)
Top of the 4th over - 0 runs, 0 hits, 0 errors, 0 left on base; Shreveport 1 - Round Rock 0
BOTTOM OF THE 4TH
Round Rock Express batting - Pitching for Shreveport Braves : RHP Fernando Amaya
Batting: RHB Bill Bathe 0-0: Called Strike
0-1: DOUBLE (Line Drive, 78M, EV 111.9 MPH)
Batting: RHB Pat Keedy 0-0: Called Strike
0-1: Ball
1-1: Foul Ball, location: 2F
1-2: Ball
2-2: Ball
3-2: Ground out 6-3 (Groundball, 6S, EV 71.9 MPH)
Bill Bathe to third
Batting: SHB Wayne Rudolph 0-0: Ball
1-0: Fly out, F9 (Line Drive, 9, EV 87.5 MPH)
Batting: RHB George Gross 0-0: Swinging Strike
0-1: Foul Ball, location: 2F
0-2: Foul Ball, location: 2F
0-2: Ball
1-2: Strikes out swinging
Bottom of the 4th over - 0 runs, 1 hit, 0 errors, 1 left on base; Shreveport 1 - Round Rock 0
TOP OF THE 5TH
Shreveport Braves batting - Pitching for Round Rock Express : RHP Glen Cook
Batting: SHB Michael Lessard 0-0: Called Strike
0-1: Swinging Strike
0-2: Ball
1-2: Ball
2-2: Strikes out swinging
Batting: RHB Juan Perez 0-0: Ground out 5-3 (Groundball, 56, EV 83.1 MPH)
Batting: RHB Marc Sullivan 0-0: Ball
1-0: Swinging Strike
1-1: Ball
2-1: Fly out, F7 (Flyball, 7S, EV 73.1 MPH)
Top of the 5th over - 0 runs, 0 hits, 0 errors, 0 left on base; Shreveport 1 - Round Rock 0
BOTTOM OF THE 5TH
Round Rock Express batting - Pitching for Shreveport Braves : RHP Fernando Amaya
Batting: RHB Nicholas Kintz 0-0: Called Strike
0-1: Swinging Strike
0-2: Ball
1-2: Ball
2-2: SINGLE (Groundball, 4S, EV 69.4 MPH) (infield hit)
Batting: RHB Luis Lira 0-0: Called Strike
0-1: Ball
1-1: Ball
2-1: Foul Ball, location: 2F
2-2: Foul Ball, location: 2F
2-2: Fly out, F9 (Flyball, 9, EV 75.6 MPH)
Batting: RHB Val Medina 0-0: SINGLE (Flyball, 6MD, EV 91.9 MPH)
Nicholas Kintz to second
Batting: LHB Buck Showalter 0-0: Ball
1-0: Called Strike
1-1: Ball
Nicholas Kintz is caught stealing 3rd base 2-5
Val Medina to second
2-1: Ground out 5-3 (Groundball, 5L, EV 100.0 MPH)
Bottom of the 5th over - 0 runs, 2 hits, 0 errors, 1 left on base; Shreveport 1 - Round Rock 0
TOP OF THE 6TH
Shreveport Braves batting - Pitching for Round Rock Express : RHP Glen Cook
Batting: RHB Jeff Matthews 0-0: Swinging Strike
0-1: Ball
1-1: Ball
2-1: Called Strike
2-2: Strikes out swinging
Batting: RHB Scott Ullger 0-0: Ball
1-0: Foul Ball, location: 2F
1-1: Fly out, F9 (Flyball, 89S, EV 81.3 MPH)
Batting: LHB Robert Loscalzo 0-0: Fly out, F8 (Flyball, 8LXD, EV 90.0 MPH)
Top of the 6th over - 0 runs, 0 hits, 0 errors, 0 left on base; Shreveport 1 - Round Rock 0
BOTTOM OF THE 6TH
Round Rock Express batting - Pitching for Shreveport Braves : RHP Fernando Amaya
Batting: RHB Alejandro Sanchez 0-0: Called Strike
0-1: Foul Ball, location: 2F
0-2: Ball
1-2: Ball
2-2: Ball
3-2: Foul Ball, location: 2F
3-2: Strikes out swinging
Batting: RHB Bill Bathe 0-0: Called Strike
0-1: Called Strike
0-2: Foul Ball, location: 2F
0-2: Ball
1-2: Fly out, F8 (Flyball, 8RM, EV 89.4 MPH)
Batting: RHB Pat Keedy 0-0: Swinging Strike
0-1: Ball
1-1: Ball
2-1: Called Strike
2-2: Foul Ball, location: 2F
2-2: Strikes out swinging
Bottom of the 6th over - 0 runs, 0 hits, 0 errors, 0 left on base; Shreveport 1 - Round Rock 0
TOP OF THE 7TH
Shreveport Braves batting - Pitching for Round Rock Express : RHP Glen Cook
Batting: RHB Alfonso Gomez 0-0: Called Strike
0-1: Swinging Strike
0-2: Strikes out swinging
Batting: RHB Glenn Walker 0-0: Ball
1-0: SINGLE (Line Drive, 89M, EV 87.5 MPH)
Batting: LHB John Flammang 0-0: Called Strike
0-1: Ball
1-1: Fly out, F8 (Line Drive, 8RD, EV 96.3 MPH)
Batting: SHB Michael Lessard 0-0: Swinging Strike
0-1: Swinging Strike
0-2: Foul Ball, location: 2F
0-2: Foul Ball, location: 2F
0-2: Ball
1-2: Foul Ball, location: 2F
1-2: Foul Ball, location: 2F
1-2: Ball
2-2: Ball
3-2: Strikes out swinging
Top of the 7th over - 0 runs, 1 hit, 0 errors, 1 left on base; Shreveport 1 - Round Rock 0
BOTTOM OF THE 7TH
Round Rock Express batting - Pitching for Shreveport Braves : RHP Fernando Amaya
Batting: SHB Wayne Rudolph 0-0: Called Strike
0-1: Ball
1-1: Ball
2-1: Fly out, F7 (Line Drive, 7, EV 93.1 MPH)
Batting: RHB George Gross 0-0: Called Strike
0-1: Ball
1-1: Ball
2-1: SINGLE (Groundball, 4MS, EV 62.5 MPH) (infield hit)
Pinch Hitting: LHB Al Chambers 0-0: Foul Ball, location: 2F
0-1: Called Strike
0-2: Ball
1-2: Strikes out swinging
Pinch Hitting: LHB Mike Kripner 0-0: Ball
George Gross steals 2nd base
1-0: Ball
2-0: Foul Ball, location: 2F
2-1: Foul Ball, location: 2F
2-2: Ground out 5-3 (Groundball, 5, EV 88.8 MPH)
Bottom of the 7th over - 0 runs, 1 hit, 0 errors, 1 left on base; Shreveport 1 - Round Rock 0
TOP OF THE 8TH
Shreveport Braves batting - Pitching for Round Rock Express : RHP Glen Cook
Now at 2B: George Ramos
Now at 3B: Mike Kripner
Batting: RHB Juan Perez 0-0: Ball
1-0: Called Strike
1-1: Ball
2-1: Ball
3-1: Ground out 6-3 (Groundball, 56, EV 104.4 MPH)
Batting: RHB Marc Sullivan 0-0: Ball
1-0: Called Strike
1-1: Ball
2-1: DOUBLE (Flyball, 8RXD, EV 99.4 MPH)
Pitching: LHP Buddy Black
Batting: RHB Jeff Matthews 0-0: Called Strike
0-1: Ground out 4-3 (Groundball, 4, EV 78.8 MPH)
Marc Sullivan to third
Batting: RHB Scott Ullger 0-0: Ball
1-0: Foul Ball, location: 2F
1-1: Called Strike
1-2: Ball
2-2: Ground out 5-3 (Groundball, 56S, EV 61.9 MPH)
Top of the 8th over - 0 runs, 1 hit, 0 errors, 1 left on base; Shreveport 1 - Round Rock 0
BOTTOM OF THE 8TH
Round Rock Express batting - Pitching for Shreveport Braves : RHP Fernando Amaya
Batting: RHB Val Medina 0-0: Called Strike
0-1: Ball
1-1: Called Strike
1-2: Ball
2-2: Foul Ball, location: 2F
2-2: Strikes out swinging
Batting: LHB Buck Showalter 0-0: Ball
1-0: Ground out 5-3 (Groundball, 5, EV 100.6 MPH)
Batting: RHB Alejandro Sanchez 0-0: Called Strike
0-1: Called Strike
0-2: Ground out 6-3 (Groundball, 4MD, EV 78.8 MPH)
Bottom of the 8th over - 0 runs, 0 hits, 0 errors, 0 left on base; Shreveport 1 - Round Rock 0
TOP OF THE 9TH
Shreveport Braves batting - Pitching for Round Rock Express : LHP Buddy Black
Batting: LHB Robert Loscalzo 0-0: Ball
1-0: Foul Ball, location: 2F
1-1: Called Strike
1-2: Ball
2-2: Ball
3-2: Strikes out swinging
Batting: RHB Alfonso Gomez 0-0: Ball
1-0: Called Strike
1-1: Ball
2-1: Ball
3-1: Base on Balls
Batting: RHB Glenn Walker 0-0: Called Strike
0-1: Ball
1-1: Called Strike
1-2: Strikes out looking
Batting: LHB John Flammang 0-0: Ball
1-0: Called Strike
1-1: Swinging Strike
1-2: Strikes out looking
Top of the 9th over - 0 runs, 0 hits, 0 errors, 1 left on base; Shreveport 1 - Round Rock 0
BOTTOM OF THE 9TH
Round Rock Express batting - Pitching for Shreveport Braves : RHP Fernando Amaya
Batting: RHB Bill Bathe 0-0: Foul Ball, location: 2F
0-1: Fly out, F8 (Flyball, 8LXD, EV 100.6 MPH)
Batting: RHB Pat Keedy 0-0: Fly out, F8 (Flyball, 78XD, EV 85.0 MPH)
Batting: SHB Wayne Rudolph 0-0: Ball
1-0: Foul Ball, location: 2F
1-1: Called Strike
1-2: Ball
2-2: Foul Ball, location: 2F
2-2: Ball
3-2: Foul Ball, location: 2F
3-2: Base on Balls
Batting: RHB George Gross 0-0: Ball
1-0: Called Strike
1-1: Foul Ball, location: 2F
1-2: Fielders Choice at 2nd, 5-4 (Groundball, 5, EV 85.0 MPH)
Bottom of the 9th over - 0 runs, 0 hits, 0 errors, 1 left on base; Shreveport 1 - Round Rock 0
Sunday, June 21st, 2020 - OOTP Baseball 21.4 Build 63